 Dungeon Crawl Stone Soup version 0.21-a0-171-g0f4a3b6 (webtiles) character file.

145671 Lavandula the Severer (level 17, -14/140 HPs)
             Began as a Formicid Artificer on Aug 7, 2017.
             Was an Elder of Hepliaklqana.
             Demolished by a jumping spider (20 damage)
             ... on level 3 of the Spider Nest.
             The game lasted 02:51:51 (20217 turns).

Lavandula the Severer (Formicid Artificer)         Turns: 20217, Time: 02:51:51

Health: -14/140    AC: 25    Str: 17    XL:     17   Next: 70%
Magic:  5/23       EV:  6    Int: 13    God:    Hepliaklqana [****..]
Gold:   507        SH:  0    Dex: 20    Spells: 8/24 levels left

rFire    + + .     SeeInvis +   Q - +4 battleaxe (vamp)
rCold    + . .     Gourm    .   q - +0 large shield
rNeg     . . .     Faith    .   w - +0 storm dragon scales
rPois    +         Spirit   .   (helmet unavailable)
rElec    +         Reflect  .   u - scarf {rC+ rF+}
rCorr    .         Harm     .   z - +2 pair of gloves
MR       +....                  J - +3 pair of boots "Kegofy" {*Contam rF+ Int+2 Slay+2}
Stlth    ..........             S - amulet of regeneration
HPRegen  0.73/turn              s - +4 ring of dexterity
MPRegen  0.18/turn              T - ring of poison resistance

@: very slightly contaminated, held, studying Short Blades
A: permanent stasis, dig shafts and tunnels, four strong arms, reduced essence,
antennae 3, talons 1, iridescent scales 1, molten scales 1, dopey 1, robust 2,
wild magic 1
}: 1/15 runes: barnacled
a: Dig, Shaft Self, Recall Ancestor, Ancestor Identity, Transference, Idealise,
Renounce Religion


You were on level 3 of the Spider Nest.
You worshipped Hepliaklqana.
Hepliaklqana was greatly pleased with you.
You were not hungry.

You visited 6 branches of the dungeon, and saw 26 of its levels.
You also visited: Labyrinth.

You collected 2602 gold pieces.
You spent 2095 gold pieces at shops.

Inventory:

Hand Weapons
 Q - a +4 vampiric battleaxe (weapon)
 X - a +0 blowgun
Missiles
 I - 5 curare-tipped needles
 K - 2 throwing nets
 P - 18 javelins of penetration
Armour
 b - a +3 scale mail of cold resistance
 q - a +0 large shield (worn)
 u - a scarf of resistance (worn)
 v - a +1 ring mail of fire resistance
 w - +0 storm dragon scales (worn)
 z - a +2 pair of gloves (worn)
 C - the +1 robe of Vaqoode {rF+ Regen+}
   (You found it in a labyrinth)

   It protects you from fire.
   It increases your rate of regeneration.
 J - the +3 pair of boots "Kegofy" (worn) {*Contam rF+ Int+2 Slay+2}
   (You acquired it on level 3 of the Shoals)

   It affects your intelligence (+2).
   It affects your accuracy and damage with ranged weapons and melee attacks
   (+2).
   It protects you from fire.
   It causes magical contamination when unequipped.
Jewellery
 s - a +4 ring of dexterity (left hand)
 t - an uncursed ring of ice
 G - an uncursed ring of protection from magic
 N - the ring of Visid {Fire Str+6 Int-4}
   (You found it on level 1 of the Spider Nest)

   [ring of fire]

   It enhances your fire magic.
   It affects your strength (+6).
   It affects your intelligence (-4).
   It protects you from fire.
   It makes you vulnerable to cold.
 S - an amulet of regeneration (around neck)
 T - a ring of poison resistance (right hand)
 V - an uncursed amulet of guardian spirit
Wands
 a - a wand of paralysis (12/24)
 d - a wand of enslavement (3/24)
 e - a wand of flame (2/48)
 o - a wand of digging (6/24)
 y - a wand of confusion (45/48)
 B - a wand of polymorph (11/24)
 E - a wand of lightning (7/15)
Scrolls
 h - 6 scrolls of remove curse
 i - 5 scrolls of summoning
 A - 4 scrolls of amnesia
 M - 3 scrolls of magic mapping
 O - 7 scrolls of fog
 U - 3 scrolls of immolation
 Y - a scroll of fear
Potions
 g - a potion of brilliance
 k - 4 potions of lignification
 l - 5 potions of curing
 m - 2 potions of magic
 p - 2 potions of flight
 F - a potion of experience
 L - a potion of resistance
 W - 2 potions of cancellation
Books
 c - a book of the Sky

   Spells                             Type                      Level
   a - Summon Lightning Spire         Summoning/Air                4
   b - Silence                        Hexes/Air                    5
   c - Deflect Missiles               Charms/Air                   6
   d - Conjure Ball Lightning         Conjuration/Air              6
   e - Tornado                        Air                          9
 j - a book of Alchemy

   Spells                             Type                      Level
   a - Sublimation of Blood           Necromancy                   2
   b - Ignite Poison                  Fire/Transmutation/Poison    3
   c - Petrify                        Transmutation/Earth          4
   d - Alistair's Intoxication        Transmutation/Poison         5
   e - Irradiate                      Conjuration/Transmutation    5
 x - a book of Necromancy

   Spells                             Type                      Level
   a - Pain                           Necromancy                   1
   b - Animate Skeleton               Necromancy                   1
   c - Vampiric Draining              Necromancy                   3
   d - Regeneration                   Charms/Necromancy            3
   e - Animate Dead                   Necromancy                   4
   f - Control Undead                 Necromancy                   4
 Z - a manual of Short Blades
Miscellaneous
 H - a lightning rod (4/4)
Comestibles
 f - 12 bread rations
 n - 7 meat rations
 r - 2 chunks of flesh
 D - 2 royal jellies
 R - 11 fruits


   Skills:
 - Level 10.0 Fighting
 - Level 7.7 Short Blades
 + Level 19.1 Axes
 - Level 7.5 Armour
 - Level 8.3 Dodging
 - Level 1.2 Stealth
 - Level 15.0 Shields
 - Level 4.0 Spellcasting
 - Level 5.0 Necromancy
 - Level 3.4 Translocations
 - Level 5.1 Invocations
 - Level 4.5 Evocations


You had 8 spell levels left.
You knew the following spells:

 Your Spells              Type           Power        Failure   Level  Hunger
a - Conjure Flame         Conj/Fire      #.......     100%        3    ###....
b - Mephitic Cloud        Conj/Pois/Air  #.......     100%        3    ###....
c - Regeneration          Chrm/Necr      ##........   96%         3    ###....
d - Animate Skeleton      Necr           N/A          36%         1    None
e - Summon Butterflies    Summ           #.......     96%         1    None
f - Summon Lightning Spi  Summ/Air       #.......     100%        4    ####...
g - Apportation           Tloc           ##....       58%         1    None


Dungeon Overview and Level Annotations

Branches:
Dungeon (12/15)            Temple (0/1) D:7            Lair (4/6) D:10
 Shoals (4/4) Lair:3       Spider (3/4) Lair:3          Orc (2/2) D:12
    Elf (1/3) Orc:2

Altars:
Hepliaklqana
Zin
Beogh

Shops:
D:4 (   D:5 *   D:8 *?   D:10 [   Orc:2 *[:(   Shoals:3 }

Annotations:
D:1 exclusions: dart slug and hobgoblin
D:3 Natasha
D:6 Dowan, Duvessa
D:7 exclusion: upstairs
Shoals:2 exclusion: upstairs


Innate Abilities, Weirdness & Mutations

You cannot be hasted, slowed, berserked, paralysed or teleported.
You can dig through walls and to a lower floor.
Your four strong arms can wield two-handed weapons with a shield.
You have a pair of large antennae on your head. (SInv)
Your life essence is reduced to manifest your ancestor. (-10% HP)
You have sharp toenails.
You are partially covered in iridescent scales. (AC +2)
You are partially covered in molten scales. (AC +2)
You are dopey. (Int -2)
You are very robust. (+20% HP)
Your spells are a little harder to cast, but a little more powerful.


Message History

The jumping spider bites you but does no damage.
The jumping spider pounces on you.
* * * LOW HITPOINT WARNING * * *
The jumping spider bites you but does no damage.
Okay, then.
Press: ? - help, v - describe, . - travel
Here: a jumping spider (severely wounded, berserk, fast, unusually strong, clinging)
The floor.
You feel better. The jumping spider pounces on you.
* * * LOW HITPOINT WARNING * * *
The jumping spider bites you.
* * * LOW HITPOINT WARNING * * *
The jumping spider pounces on you!
* * * LOW HITPOINT WARNING * * *
You are even more entangled.
The jumping spider bites you but does no damage.
The moth of wrath bites you.
* * * LOW HITPOINT WARNING * * *
The jumping spider pounces on you!!
You die...

#....### .!#..#....(.##
###..#.#### ?... #≈#.(###.
#.....#.≈####.^# #^##R†(..
####.†...#.#.#..###..#....#
#..###.[†##†.#.)#.#....##.#
##..)....>.†....#......^#≈#
{
#.....###^.##†!##.^##..##.#
#######[.y.##...!...#...#..
##.y@#.....#####.###.
...^.^.s##..#[.....### . {
#.....#..#.^#<#...... ?
..##..#..#..###.#.#.. #
#...#..#..? #### .
...#.#..#.#. ...% #..## ##.
#...


You could see 2 moths of wrath and a jumping spider (berserk).

Vanquished Creatures
  Donald (Shoals:2)
  An emperor scorpion (Spider:1)
  3 orc warlords
  2 merfolk javelineers
  A minotaur (Lab)
  5 merfolk impalers
  The ghost of Nehle the Cleaver, a journeyman MiBe of Trog (D:10)
  Erolcha (D:9)
  A catoblepas (Shoals:3)
  An alligator snapping turtle (Shoals:3)
  A satyr (Shoals:2)
  8 two-headed ogres
  2 merfolk aquamancers
  A death yak (Shoals:3)
  The ghost of Jarno the Cleaver, a novice DsAr of Nemelex Xobeh (Lair:1)
  An orc high priest (Orc:1)
  An unseen horror (D:12)
  7 sea snakes
  4 orc knights
  6 harpies
  4 orb spiders
  An orc sorcerer (Orc:1)
  An ugly thing (D:11)
  9 manticores
  A cyclops (Shoals:4)
  11 wolf spiders
  7 fauns (Shoals:2)
  A moth of wrath (Spider:2)
  A black mamba (Lair:3)
  A gargoyle (D:12)
  A merfolk siren (Shoals:2)
  3 water nymphs
  A rime drake (Lair:1)
  9 demonic crawlers
  6 trolls
  2 minotaur zombies (Lab)
  8 merfolk
  A polar bear (Lair:3)
  18 jumping spiders
  2 hornets
  Grinder (D:3)
  3 wind drakes
  3 blink frogs (Lair:3)
  4 dream sheep
  3 hippogriffs
  3 snapping turtles
  A shadow (D:11)
  13 tarantellas
  9 yaks
  23 redbacks
  A wyvern (Lair:3)
  A basilisk (Lair:3)
  6 water elementals
  A hungry ghost (D:6)
  A warg (Orc:1)
  An acid dragon (D:12)
  5 porcupines
  4 water moccasins
  25 orc warriors
  3 sky beasts
  2 ice beasts
  A black bear (D:10)
  3 phantoms
  A necrophage (D:5)
  15 ogres
  An eye of draining (D:11)
  3 wolves (Lair:3)
  4 centaurs
  3 crocodiles
  A big kobold (D:11)
  6 bullfrogs
  5 scorpions
  4 killer bees
  4 wights
  5 howler monkeys
  A crimson imp (D:5)
  A bullfrog zombie (D:11)
  A jelly (D:12)
  3 hounds
  13 orc priests
  A bullfrog skeleton (D:7)
  2 centaur skeletons (D:12)
  17 orc wizards
  Terence (D:2)
  4 iguanas
  9 worker ants
  Natasha (twice) (D:3)
  2 hound skeletons
  2 gnolls (D:5)
  14 adders
  5 shadow imps
  An adder zombie (D:5)
  An adder skeleton (D:4)
  3 worms
  A dart slug (D:2)
  5 leopard geckos
  56 orcs
  4 bats
  3 giant cockroaches
  4 hobgoblins
  15 jackals
  9 kobolds
  2 quokkas
  A ball python (D:1)
  6 frilled lizards
  A goblin (D:3)
  2 leopard gecko skeletons
  A quokka skeleton (D:4)
  10 rats
  4 fungi (D:10)
  2 plants (D:10)
515 creatures vanquished.

Vanquished Creatures (collateral kills)
  Bai Suzhen (Shoals:3)
  Polyphemus (Shoals:3)
  Ilsuiw (Shoals:3)
  Louise (Shoals:3)
  3 merfolk javelineers (Shoals:4)
  3 merfolk impalers
  The ghost of GordonOverkill the Covert, a journeyman OpWz of Dithmenos (D:11)
  Fannar (D:10)
  3 merfolk avatars
  4 merfolk aquamancers
  A death yak (Shoals:3)
  2 two-headed ogres
  2 orc high priests
  Nergalle (Orc:2)
  2 sea snakes (Shoals:4)
  An unseen horror (D:12)
  2 orc knights (Orc:1)
  2 harpies (Shoals:4)
  11 orb spiders
  A wolf spider (Spider:1)
  2 orc sorcerers
  2 manticores (Lair:3)
  6 fauns (Shoals:2)
  5 cyclopes
  A deep elf mage (D:12)
  5 merfolk sirens
  2 black mambas
  A gargoyle (D:12)
  A centaur zombie (D:8)
  3 water nymphs
  A demonic crawler (Spider:1)
  7 jumping spiders
  3 trolls (Orc:2)
  A wind drake (Shoals:4)
  9 merfolk
  13 dream sheep
  A snapping turtle (Shoals:4)
  2 hippogriffs
  2 blink frogs (Lair:3)
  11 tarantellas
  10 redbacks
  5 water elementals
  2 yaks (Lair:1)
  A wyvern (D:12)
  A basilisk (Lair:2)
  A water moccasin (Lair:2)
  5 porcupines
  17 orc warriors
  3 sky beasts
  A black bear (D:10)
  7 ogres
  A centaur (Shoals:1)
  A crocodile (Lair:1)
  Blork the orc (Orc:2)
  6 bullfrogs
  5 killer bees
  A bullfrog zombie (D:10)
  20 orc priests
  6 orc wizards
  2 iguanas
  A killer bee zombie (D:9)
  A hound skeleton (D:6)
  A gnoll (D:6)
  3 adders
  An adder zombie (D:7)
  A leopard gecko (D:6)
  20 orcs
  A fungus (Lair:2)
  3 plants
250 creatures vanquished.

Vanquished Creatures (others)
  A faun (Shoals:2)
  A water nymph (Shoals:3)
  A wind drake (Shoals:2)
  44 battlemagi
  4 ancestors
  3 fungi (D:10)
  7 plants
61 creatures vanquished.

Grand Total: 826 creatures vanquished

Notes
Turn   | Place    | Note
-------+----------+-------------------------------------------
     0 | D:1      | Lavandula the Formicid Artificer began the quest for the Orb.
     0 | D:1      | Reached XP level 1. HP: 15/15 MP: 3/3
   371 | D:1      | Reached XP level 2. HP: 11/21 MP: 4/4
   708 | D:2      | Noticed Terence
  1256 | D:2      | Reached XP level 3. HP: 14/26 MP: 5/5
  1616 | D:2      | Killed Terence
  1616 | D:2      | Reached XP level 4. HP: 31/32 MP: 6/6
  1965 | D:3      | Noticed Natasha
  1972 | D:3      | Killed Natasha
  1972 | D:3      | Reached XP level 5. HP: 36/37 MP: 7/7
  2121 | D:3      | Noticed Natasha
  2521 | D:3      | Noticed Grinder
  2545 | D:3      | Killed Grinder
  2545 | D:3      | Reached XP level 6. HP: 29/43 MP: 8/8
  2614 | D:3      | Killed Natasha
  2644 | D:3      | Noticed Natasha
  2848 | D:4      | Reached XP level 7. HP: 42/48 MP: 9/9
  3205 | D:4      | Learned a level 3 spell: Conjure Flame
  3209 | D:4      | Learned a level 3 spell: Mephitic Cloud
  3223 | D:4      | Reached skill level 1 in Spellcasting
  3423 | D:4      | Found Zin's Purification Station.
  3426 | D:4      | Found a glowing silver altar of Zin.
  3431 | D:4      | Bought a potion of curing for 90 gold pieces
  3569 | D:4      | Found Ossebus's Antique Weapon Shop.
  3814 | D:4      | Reached skill level 1 in Armour
  3814 | D:4      | Reached XP level 8. HP: 46/54 MP: 11/11
  3935 | D:5      | Entered Level 5 of the Dungeon
  3970 | D:5      | Found Ulaw's General Store.
  5395 | D:5      | Reached skill level 5 in Dodging
  5543 | D:7      | Reached XP level 9. HP: 33/59 MP: 12/12
  5781 | D:6      | Found a hazy altar of Hepliaklqana.
  5789 | D:6      | Became a worshipper of Hepliaklqana the Forgotten
  6062 | D:6      | Noticed Duvessa
  6277 | D:6      | Noticed Dowan
  6462 | D:7      | Reached skill level 1 in Axes
  6487 | D:7      | Reached skill level 2 in Axes
  6645 | D:5      | Bought a +1 broad axe of draining for 184 gold pieces
  6681 | D:6      | Reached skill level 3 in Axes
  7043 | D:7      | Reached skill level 4 in Axes
  7251 | D:7      | Found a staircase to the Ecumenical Temple.
  7266 | D:7      | Gained mutation: Your spells are a little harder to cast, but a little more powerful. [mutagenic meat]
  7267 | D:7      | Gained mutation: You have sharp toenails. [mutagenic meat]
  7268 | D:7      | Gained mutation: You evolve. [mutagenic meat]
  7269 | D:7      | Gained mutation: You are agile. (Dex +2) [mutagenic meat]
  7270 | D:7      | Noticed a hippogriff
  7279 | D:7      | Killed a hippogriff
  7279 | D:7      | Reached skill level 5 in Axes
  7279 | D:7      | Reached XP level 10. HP: 53/58 MP: 13/13
  7447 | D:7      | Reached * piety under Hepliaklqana
  7527 | D:8      | Found Adathaj's Magic Scroll Shop.
  7529 | D:8      | Reached skill level 6 in Axes
  7560 | D:8      | Bought a scroll of noise for 14 gold pieces
  7629 | D:8      | Reached skill level 7 in Axes
  7708 | D:8      | Noticed a two-headed ogre
  7731 | D:8      | Reached skill level 8 in Axes
  7869 | D:8      | Found Emok's General Store.
  7925 | D:8      | Reached skill level 1 in Shields
  7944 | D:8      | Bought a scroll of identify for 28 gold pieces
  7947 | D:8      | Bought a scroll of identify for 28 gold pieces
  8000 | D:8      | Killed a two-headed ogre
  8245 | D:8      | Reached skill level 5 in Shields
  8302 | D:9      | Noticed a two-headed ogre
  8731 | D:9      | Reached ** piety under Hepliaklqana
  8732 | D:9      | Remembered your ancestor Akiya as a battlemage
  8766 | D:9      | Reached XP level 11. HP: 63/63 MP: 7/14
  8772 | D:9      | Reached skill level 9 in Axes
  8789 | D:9      | Noticed a two-headed ogre
  8789 | D:9      | Noticed a two-headed ogre
  8800 | D:9      | Noticed a two-headed ogre
  8884 | D:10     | Entered Level 10 of the Dungeon
  8920 | D:10     | Found a staircase to the Lair.
  8986 | D:10     | Reached skill level 10 in Axes
  9017 | D:10     | Noticed Nehle's ghost (journeyman MiBe)
  9060 | D:9      | Gained mutation: Your body sometimes deteriorates upon taking damage. [evolution]
  9060 | D:9      | Lost mutation: You evolve. [end of evolution]
  9318 | D:10     | Killed Nehle's ghost
  9318 | D:10     | Reached skill level 11 in Axes
  9346 | D:10     | Found Viosypot's Armour Shoppe.
  9821 | D:11     | Got a wizard robe
  9832 | D:11     | Identified the +2 robe "Suemioz" {Str-2 Int+5 SInv Stlth-} (You found it on level 11 of the Dungeon)
 10246 | D:11     | Noticed GordonOverkill's ghost (journeyman OpWz)
 10246 | D:11     | Noticed a purple ugly thing
 10265 | D:11     | Killed a purple ugly thing
 10290 | D:11     | Noticed a two-headed ogre
 10311 | D:11     | Noticed a cyclops
 10330 | D:11     | Killed GordonOverkill's ghost
 10330 | D:11     | Reached XP level 12. HP: 38/68 MP: 15/15
 10350 | D:11     | Reached skill level 10 in Shields
 10455 | D:8      | Bought a scroll of enchant weapon for 82 gold pieces
 10573 | D:11     | Killed a two-headed ogre
 10722 | D:11     | Reached *** piety under Hepliaklqana
 10885 | D:12     | Noticed an unseen horror
 10892 | D:12     | Killed an unseen horror
 10901 | D:12     | Reached skill level 12 in Axes
 10991 | D:12     | Gained mutation: You are partially covered in iridescent scales. (AC +2) [mutagenic meat]
 10992 | D:12     | Gained mutation: Your magical capacity is low. (-10% MP) [mutagenic meat]
 10993 | D:12     | Gained mutation: You are partially covered in molten scales. (AC +2) [mutagenic meat]
 11373 | D:12     | Found a staircase to the Orcish Mines.
 11405 | D:12     | Noticed an unseen horror
 11417 | D:12     | Killed an unseen horror
 11417 | D:12     | Reached skill level 13 in Axes
 11473 | Orc:1    | Entered Level 1 of the Orcish Mines
 11520 | Orc:1    | Noticed an orc warlord
 11587 | Orc:1    | Killed an orc warlord
 11674 | Orc:1    | Noticed an orc warlord
 12017 | Orc:1    | Reached skill level 14 in Axes
 12027 | Orc:1    | Reached XP level 13. HP: 72/72 MP: 14/14
 12242 | Orc:1    | Found a roughly hewn altar of Beogh.
 12477 | Orc:2    | Entered Level 2 of the Orcish Mines
 12489 | Orc:2    | Reached skill level 15 in Axes
 13087 | Orc:2    | Found a roughly hewn altar of Beogh.
 13095 | Orc:2    | Reached **** piety under Hepliaklqana
 13336 | Orc:2    | Reached skill level 16 in Axes
 13358 | Orc:2    | Noticed Nergalle
 13358 | Orc:2    | Noticed an orc warlord
 13563 | Orc:2    | Killed an orc warlord
 13609 | Orc:2    | Killed Nergalle
 13636 | Orc:2    | Found a roughly hewn altar of Beogh.
 13639 | Orc:2    | Found Cautsug's General Store.
 13645 | Orc:2    | Bought a scroll of amnesia for 49 gold pieces
 13647 | Orc:2    | Noticed Blork the orc
 13656 | Orc:2    | Killed Blork the orc
 13864 | Orc:2    | Found Lilox's Antique Armour Boutique.
 13884 | Orc:2    | Found Jennil's Antique Weapon Boutique.
 13899 | Orc:2    | Found Pugraom's Book Boutique.
 13906 | Orc:2    | Bought a book of Necromancy for 480 gold pieces
 13910 | Orc:2    | Learned a level 3 spell: Regeneration
 13989 | Orc:2    | Found a staircase to the Elven Halls.
 13999 | Elf:1    | Entered Level 1 of the Elven Halls
 14222 | Orc:2    | Bought a book of Party Tricks for 800 gold pieces
 14229 | Orc:2    | Learned a level 1 spell: Apportation
 14231 | Orc:2    | Learned a level 1 spell: Summon Butterflies
 14389 | D:12     | Killed an orc warlord
 14389 | D:12     | Reached skill level 5 in Fighting
 14389 | D:12     | Reached XP level 14. HP: 84/88 MP: 13/15
 14499 | Lair:1   | Entered Level 1 of the Lair of Beasts
 14499 | Lair:1   | Noticed Fannar
 14499 | Lair:1   | Noticed Jarno's ghost (novice DsAr)
 14637 | D:9      | Noticed Erolcha
 14642 | D:9      | Killed Erolcha
 14735 | D:10     | Killed Fannar
 14763 | Lair:1   | Killed Jarno's ghost
 14808 | Lair:1   | Found a labyrinth entrance.
 14814 | Lair:1   | Noticed Sonja
 14816 | Lab      | Entered a labyrinth
 15116 | Lab      | Reached skill level 10 in Fighting
 15129 | Lab      | Got a steaming mace
 15130 | Lab      | Identified the +7 mace of Ikiniuph {crush, +Inv Int+4} (You found it in a labyrinth)
 15135 | Lab      | Got a thick robe
 15146 | Lab      | Identified the +1 robe of Vaqoode {rF+ Regen+} (You found it in a labyrinth)
 15172 | Lab      | Learned a level 4 spell: Summon Lightning Spire
 15231 | Lair:1   | Noticed Sonja
 15231 | Lair:1   | Sonja changed into Sonja the rime drake
 15233 | Lair:1   | Killed Sonja the rime drake
 15242 | Lair:1   | Reached skill level 1 in Translocations
 15512 | Lair:2   | Reached ***** piety under Hepliaklqana
 15715 | Lair:3   | Found a staircase to the Shoals.
 15749 | Shoals:1 | Entered Level 1 of the Shoals
 15886 | Shoals:1 | Reached skill level 5 in Armour
 16241 | Shoals:2 | Reached XP level 15. HP: 58/103 MP: 16/16
 16265 | Shoals:2 | Noticed Donald
 16413 | Shoals:2 | Killed Donald
 16559 | Shoals:2 | Reached skill level 17 in Axes
 16627 | Shoals:3 | Found Besy's Gadget Boutique.
 16739 | Shoals:3 | Noticed Louise
 16740 | Shoals:3 | Noticed Polyphemus
 16801 | Shoals:3 | Bought a box of beasts for 340 gold pieces
 17025 | Shoals:3 | Killed Louise
 17059 | Shoals:3 | Killed Polyphemus
 17200 | Shoals:3 | Noticed Bai Suzhen
 17351 | Shoals:3 | Killed Bai Suzhen
 17447 | Shoals:3 | Identified 2 scrolls of acquirement
 17475 | Shoals:3 | Got a pair of distressingly furry boots
 17486 | Shoals:3 | Identified the +3 pair of boots "Kegofy" {*Contam rF+ Int+2 Slay+2} (You acquired it on level 3 of the Shoals)
 17488 | Shoals:4 | Entered Level 4 of the Shoals
 17502 | Shoals:4 | Noticed Ilsuiw
 17711 | Shoals:4 | Reached XP level 16. HP: 109/109 MP: 17/17
 17795 | Shoals:4 | Reached skill level 5 in Invocations
 17813 | Shoals:4 | Learned a level 1 spell: Animate Skeleton
 17900 | Shoals:3 | Reached skill level 1 in Necromancy
 18166 | Shoals:4 | Reached skill level 5 in Necromancy
 18285 | Shoals:3 | Killed Ilsuiw
 18825 | Shoals:4 | Got a barnacled rune of Zot
 18997 | Lair:3   | Reached skill level 15 in Shields
 19199 | Lair:3   | Found a hole to the Spider Nest.
 19240 | Spider:1 | Entered Level 1 of the Spider Nest
 19362 | Spider:1 | Reached XP level 17. HP: 115/115 MP: 20/20
 19632 | Spider:2 | Reached skill level 18 in Axes
 19693 | Spider:1 | Got a bound copper ring
 19695 | Spider:1 | Identified the ring of Visid {Fire Str+6 Int-4} (You found it on level 1 of the Spider Nest)
 20045 | Spider:3 | Lost mutation: You are agile. (Dex +2) [potion of mutation]
 20045 | Spider:3 | Lost mutation: Your body sometimes deteriorates upon taking damage. [potion of mutation]
 20045 | Spider:3 | Lost mutation: Your magical capacity is low. (-10% MP) [potion of mutation]
 20045 | Spider:3 | Gained mutation: You are robust. (+10% HP) [potion of mutation]
 20045 | Spider:3 | Gained mutation: You are dopey. (Int -2) [potion of mutation]
 20045 | Spider:3 | Gained mutation: You are very robust. (+20% HP) [potion of mutation]
 20117 | Spider:3 | Reached skill level 19 in Axes
 20217 | Spider:3 | HP: 7/140 [jumping spider (9)]
 20217 | Spider:3 | Demolished by a jumping spider

Vault maps used:
D:1:      scummos_arrival_simple_crosswalls
D:2:      uniq_terence
D:3:      first_bread, kennysheep_cross_room, palyth_stone_intersect,
          uniq_natasha, uniq_grinder
D:4:      zin_purify, serial_shops, nicolae_shop_temple_entry_statues_fountains
D:5:      serial_shops, shop
D:6:      nicolae_overflow_hidden_temple, interstate_on_off, uniq_duvessa
D:7:      minmay_temple_entry_glassed_door
D:8:      serial_shops, nicolae_shop_window_shopping, shop_statue
D:9:      lemuel_ogre_cave, serial_co_window_serial, co_window_corner_a,
          co_window_corner_a, co_window_corner_a, co_window_of_opportunity_a,
          co_window_paths_a, co_window_corner_b, co_window_corner_cb,
          co_window_cross_2, glass_columns_c
D:10:     due_lair_maze_entry_diamond, serial_shops, kennysheep_little_box
D:12:     david_orc_3
Lair:1:   lab_entry_generic, uniq_fannar, uniq_sonja
Lair:2:   grunt_megastairs_5, infiniplex_staircase_pool_2
Lair:3:   minmay_shoals_entry_beasts, nicolae_spider_entry_orb_guardian,
          grunt_megastairs_1, serial_bayou_shore_a, serial_bayou_shore_b
Lair:4:   dpeg_oklob_1
Shoals:1: nicolae_shoals_water_shrine
Shoals:2: serial_shops, shop_fountains, uniq_donald
Shoals:3: serial_shops, shop, ldierk_geyser, uniq_louise, uniq_bai_suzhen,
          uniq_polyphemus
Shoals:4: shoals_end_hangedman, shoals_ilsuiw_alternative
Spider:1: spiders_nest_hornet_nest
Orc:1:    orc_temple
Orc:2:    grunt_orc_cross, minmay_orc_temple_c
Elf:1:    basic_altar, orc_legates, minmay_shop_star, uniq_agnes, uniq_aizul
Lab:      labyrinth_hidden_loot, nicolae_lab_x, lab_statue,
          labyrinth_skeletal_remains, nicolae_lab_big_swirl

Skill      XL: |  1  2  3  4  5  6  7  8  9 10 11 12 13 14 15 16 17 |
---------------+----------------------------------------------------+-----
Short Blades   | 2 4 6 7 |  7.7
Spellcasting   | 2 4 |  4.0
Armour         | 1 3 7 |  7.5
Dodging        | 5 7 8 |  8.3
Axes           | 5 8 11 14 16 17 19 | 19.1
Shields        | 6 9 10 12 15 | 15.0
Evocations     | 4 |  4.5
Fighting       | 5 10 | 10.0
Translocations | 3 |  3.4
Invocations    | 4 5 |  5.1
Necromancy     | 5 |  5.0
Stealth        | |  1.2

Action                   |  1- 3 |  4- 6 |  7- 9 | 10-12 | 13-15 | 16-18 || total
-------------------------+-------+-------+-------+-------+-------+-------++-------
Melee: Short sword       |   121 |   120 |   462 |       |       |       ||   703
       Broad axe         |       |       |    53 |   405 |    15 |       ||   473
       Kick              |       |       |     1 |    39 |       |       ||    40
       Battleaxe         |       |       |       |       |   647 |   564 ||  1211
       War axe           |       |       |       |       |    13 |       ||    13
Throw: Javelin           |       |       |    26 |    21 |     4 |       ||    51
       Tomahawk          |       |       |       |       |    21 |       ||    21
 Cast: Mephitic Cloud    |       |       |       |     4 |       |       ||     4
       Apportation       |       |       |       |       |    35 |    25 ||    60
       Animate Skeleton  |       |       |       |       |       |    11 ||    11
       Regeneration      |       |       |       |       |       |     3 ||     3
Invok: Ancestor Life: Ba |       |       |       |     1 |       |       ||     1
       Recall Ancestor   |       |       |       |       |     5 |     4 ||     9
       Transference      |       |       |       |       |     4 |     6 ||    10
       Idealise          |       |       |       |       |     5 |     4 ||     9
 Abil: Dig               |       |       |     2 |       |     5 |     1 ||     8
Evoke: Wand              |     8 |     9 |     3 |    40 |    21 |     5 ||    86
       Lightning rod     |       |       |       |     7 |    10 |       ||    17
       Box of beasts     |       |       |       |       |     2 |       ||     2
  Use: Scroll            |       |     3 |     4 |     9 |    17 |     6 ||    39
       Potion            |       |       |     1 |    12 |     3 |     2 ||    18
 Stab: Sleeping          |     1 |       |     1 |       |       |       ||     2
       Confused          |       |     3 |     4 |     2 |     3 |       ||    12
       Distracted        |       |       |     1 |     2 |    13 |    12 ||    28
       Petrified         |       |       |       |       |     5 |       ||     5
       Petrifying        |       |       |       |       |     3 |       ||     3
  Eat: Chunk             |     2 |     4 |    15 |    17 |    17 |    10 ||    65
       Royal jelly       |       |       |     2 |     1 |     2 |       ||     5
       Meat ration       |       |       |     1 |       |     2 |       ||     3
       Bread ration      |       |       |     1 |       |       |       ||     1
Armor: Leather armour    |    24 |       |       |       |    47 |       ||    71
       Ring mail         |       |    33 |   111 |    99 |     6 |       ||   249
       Skin              |       |       |     3 |    16 |       |       ||    19
       Scale mail        |       |       |       |       |   110 |    58 ||   168
       Storm dragon scal |       |       |       |       |       |   158 ||   158
Dodge: Dodged            |    67 |    55 |   238 |   225 |   278 |   209 ||  1072
Block: Shield            |       |       |       |   209 |   289 |       ||   498
       Large shield      |       |       |       |       |    33 |   592 ||   625
